 Dungeon Sprint DCSS version 0.27.1-34-g3ba077fa99 (webtiles) character file.

Game seed: 14689173654716474638

12 boopmooplesden the Shield-Bearer (level 4, -7/45 HPs)
             Began as a Minotaur Fighter on Jan 1, 2022.
             Was a Follower of Okawaru.
             Mangled by Blork the orc (9 damage)
             ... in the Dungeon (Sprint VI: "Thunderdome").
             The game lasted 00:01:12 (157 turns).

boopmooplesden the Shield-Bearer (Minotaur Fighter)  Turns: 157, Time: 00:01:13

Health: -7/45      AC:  9    Str: 21    XL:     4   Next: 87%
Magic:  12/12      EV:  8    Int:  2    God:    Okawaru [*.....]
Gold:   31         SH: 10    Dex:  9    Spells: 3/3 levels left

rFire    + + .     SeeInvis .   a - +0 long sword
rCold    . . .     Faith    +   c - +0 kite shield
rNeg     . . .     Spirit   .   b - +0 scale mail
rPois    +         Reflect  .   (helmet restricted)
rElec    .         Harm     .   (no cloak)
rCorr    .         Rampage  .   r - +0 pair of gloves
Will     .....     NoTele   +   (no boots)
Stlth    +.........             q - amulet of Dawn {Faith rPois rF+ Int-4}
HPRegen  0.15/turn              o - ring "Nualucw" {Fire Stlth+}
MPRegen  0.13/turn              p - ring "Aluofewk" {rPois rC+ MP+9}

@: no status effects
A: horns 2, retaliatory headbutt
a: Renounce Religion, Heroism


You were in the Dungeon.
You worshipped Okawaru.
Okawaru was aware of your devotion.
You visited 1 branch You collected 220 gold pieces.
You spent 189 gold pieces at shops.

Inventory:

Hand Weapons
 a - a +0 long sword (weapon)
Armour
 b - a +0 scale mail (worn)
 c - a +0 kite shield (worn)
 r - a +0 pair of gloves (worn)
Jewellery
 o - the ring "Nualucw" (left hand) {Fire Stlth+}
   (You bought it in a shop in the Dungeon)

   [ring of fire]

   It enhances your fire magic.
   rF:        It protects you from fire.
   rC:        It makes you vulnerable to cold.
   Stlth:     It makes you more stealthy.
 p - the ring "Aluofewk" (right hand) {rPois rC+ MP+9}
   (You bought it in a shop in the Dungeon)

   [ring of protection from cold]

   rC:        It protects you from cold.
   rPois:     It protects you from poison.
   MP:        It affects your magic capacity (+9).
 q - the amulet of Dawn (around neck) {Faith rPois rF+ Int-4}
   (You bought it in a shop in the Dungeon)

   [amulet of faith]

   It allows you to gain divine favour quickly.
   Int:       It affects your intelligence (-4).
   rF:        It protects you from fire.
   rPois:     It protects you from poison.
Wands
 l - a wand of acid (5)
 m - a wand of iceblast (5)
Scrolls
 j - 4 scrolls of blinking
 n - 3 scrolls of fog
Potions
 d - a potion of might
 e - a potion of curing
 f - 4 potions of heal wounds
 g - 4 potions of haste
 h - 2 potions of magic
 i - a potion of berserk rage
 k - 2 potions of resistance


   Skills:
 + Level 6.9 Fighting
 + Level 4.7 Long Blades
 + Level 7.1 Armour
 + Level 1.7 Dodging
 + Level 7.3 Shields


You had 3 spell levels left.
You didn't know any spells.
Your spell library was empty.

Dungeon Overview and Level Annotations

Branches:
Dungeon (1/1)

Altars:
Cheibriados
Dithmenos
Fedhas
Gozag
Kikubaaqudgha
Makhleb
Okawaru
Qazlal
Ru
Sif Muna
Trog
Uskayaw
Vehumet
Wu Jian
Xom
Yredelemnul
Zin
The Shining One
Beogh
Jiyva
Lugonu

Shops:
D *[??*?*:[((!!!!

Annotations:
D Blork the orc


Innate Abilities, Weirdness & Mutations

You have a pair of horns on your head.
You reflexively headbutt those who attack you in melee.


Message History

An orc warrior comes into view. It is wielding a +0 glaive.
The orc warrior shouts!
Blork the orc comes into view.
He is wielding a +0 war axe.
Blork the orc shouts!
An orc comes into view. It is wielding a +0 club.
The orc shouts!
An orc comes into view. It is wielding a +0 dagger.
The orc shouts!
The orc warrior hits you but does no damage.
You hit the orc. Your headbutt misses the orc.
The orc is heavily wounded.
The orc warrior hits you from afar with a +0 glaive.
You block the orc's attack. You block the orc's attack.
The orc warrior hits you with a +0 glaive.
You block the orc's attack.
You slash the orc warrior! You headbutt the orc warrior!
The orc warrior is heavily wounded.
The orc warrior hits you with a +0 glaive!
* * * LOW HITPOINT WARNING * * *
The orc hits you but does no damage. x2
You hit the orc warrior.
The orc warrior is severely wounded.
The orc warrior closely misses you.
Blork the orc casts a spell.
Blork the orc seems to speed up.
You block the orc's attack. The orc hits you with a +0 club.
* * * LOW HITPOINT WARNING * * *
The orc warrior hits you with a +0 glaive.
* * * LOW HITPOINT WARNING * * *
You block the orc's attack. x2
You barely miss the orc warrior. You headbutt the orc warrior.
The orc warrior is severely wounded.
The orc warrior hits you with a +0 glaive!
* * * LOW HITPOINT WARNING * * *
You block the orc's attack.
You closely miss the orc warrior. Your headbutt misses the orc warrior.
The orc warrior is severely wounded.
Blork the orc hits you with a +0 war axe!
You die...

##.............###..........
#⌠..........###..†###.......
#⌠..........# #.<.# #.......
#⌠..........###...###.......
##............†###..........
###∩........8.# #.8........
##∩.__......###.†.....__∩
######.8o........8.#####
#o@o.........⌠#
###o........### #_......._#
#_......._# #_......._#
#∩.......∩# ##∩.....∩##
##.....## ##§⌠⌠##


You could see Blork the orc (fast), an orc warrior and 2 orcs.

Vanquished Creatures
  A water moccasin (D)
  3 adders (D)
  A ball python (D)
5 creatures vanquished.

Notes
Turn   | Place    | Note
-------+----------+-------------------------------------------
     0 | D        | boopmooplesden the Minotaur Fighter began the quest for the
                  | Orb.
     0 | D        | Reached XP level 1. HP: 19/19 MP: 0/0
     4 | D        | Found a blossoming altar of Fedhas.
     4 | D        | Found a basalt altar of Yredelemnul.
     5 | D        | Found an ancient bone altar of Kikubaaqudgha.
     5 | D        | Found a glowing silver altar of Zin.
     5 | D        | Round 1.
     6 | D        | Found a stormy altar of Qazlal.
     6 | D        | Found a snail-covered altar of Cheibriados.
     7 | D        | Found a sacrificial altar of Ru.
     7 | D        | Found a viscous altar of Jiyva.
     7 | D        | Found Laqyepp's Magic Scroll Shop.
     7 | D        | Found Buxzol's Staff Store.
     8 | D        | Found Loeli's Magic Scroll Shop.
     8 | D        | Found Gidomuu's Must-Have Magic.
    10 | D        | Found a shadowy altar of Dithmenos.
    12 | D        | Found a radiant altar of Vehumet.
    13 | D        | Found Zetig's Distillery.
    14 | D        | Found Jajuusecs's Distillery.
    14 | D        | Found Jiamidel's Bottled Wisdom.
    14 | D        | Found an ornate altar of the Wu Jian Council.
    14 | D        | Found an opulent altar of Gozag.
    14 | D        | Found Riemoutt's Do-It-Yourself Clinic.
    18 | D        | Found a burning altar of Makhleb.
    20 | D        | Found a hide-covered altar of Uskayaw.
    21 | D        | Found Biocoymm's Weapon Rack.
    22 | D        | Found a bloodstained altar of Trog.
    22 | D        | Found a shimmering altar of Xom.
    22 | D        | Found an iron altar of Okawaru.
    22 | D        | Found Roty's Premium Goods.
    22 | D        | Found Leschoji's Basic Armour.
    22 | D        | Found Bius's Miscellaneous Merchandise.
    27 | D        | Reached XP level 2. HP: 27/28 MP: 1/1
    30 | D        | Found a corrupted altar of Lugonu.
    34 | D        | Became a worshipper of Warmaster Okawaru
    38 | D        | Found a glowing golden altar of the Shining One.
    39 | D        | Found Baimufa's Identification Station.
    40 | D        | Found Byagyro's Advanced Armour.
    40 | D        | Found Vowidea's Jewellery.
    41 | D        | Found a shimmering blue altar of Sif Muna.
    48 | D        | Bought a wavering bone ring for 45 gold pieces
    48 | D        | Identified the ring "Nualucw" {Fire Stlth+} (You bought it
                  | in a shop in the Dungeon)
    48 | D        | Bought a wavering lapis lazuli ring for 45 gold pieces
    48 | D        | Identified the ring "Aluofewk" {rPois rC+ MP+9} (You bought
                  | it in a shop in the Dungeon)
    48 | D        | Bought an ancient iron amulet for 45 gold pieces
    48 | D        | Identified the amulet of Dawn {Faith rPois rF+ Int-4} (You
                  | bought it in a shop in the Dungeon)
    64 | D        | Noticed a water moccasin
    80 | D        | Killed a water moccasin
    81 | D        | Reached skill level 1 in Dodging
    81 | D        | Reached XP level 3. HP: 14/38 MP: 2/2
    81 | D        | Reached XP level 4. HP: 17/45 MP: 3/3
    81 | D        | Reached * piety under Okawaru
    85 | D        | Arena points: 12 (+12) [x2]
   140 | D        | Bought a +0 pair of gloves for 54 gold pieces
   149 | D        | Round 2.
   149 | D        | Noticed an orc warrior
   150 | D        | Noticed Blork the orc
   156 | D        | HP: 2/45 [orc warrior (7)]
   157 | D        | Mangled by Blork the orc

Illustrated notes

Levels and vault maps discovered:
D:        arena_sprint

Skill      XL: |  1  2  3  4 |
---------------+-------------+-----
Fighting       | 4 6 |  6.9
Armour         | 4 6 7 |  7.1
Shields        | 4 7 |  7.3
Long Blades    | 4 |  4.7
Dodging        | 1 |  1.7

Action                   |  1- 3 |  4- 6 || total
-------------------------+-------+-------++-------
Melee: Long sword        |    18 |     7 ||    25
       Headbutt          |     2 |     3 ||     5
Armor: Scale mail        |    16 |     3 ||    19
Dodge: Dodged            |     5 |     4 ||     9
Block: Kite shield       |    14 |     7 ||    21
       Rpst.: Long sword |     2 |     1 ||     3
